 Dungeon Crawl Stone Soup version 0.14-a0-736-g2a71271 (webtiles) character file.

175 PolkaDot the Insei (level 4, -4/38 HPs)
             Began as a Hill Orc Monk on Nov 7, 2013.
             Slain by a gnoll
             ... wielding a +0,+2 halberd
              (12 damage)
             ... on Level 2 of the Dungeon.
             The game lasted 00:05:18 (1325 turns).

PolkaDot the Insei (Hill Orc Monk)                  Turns: 1325, Time: 00:05:19

HP  -4/38        AC  3     Str 13      XL: 4   Next: 10%
MP   3/3         EV 13     Int  8 (10) God:
Gold 112         SH  0     Dex 14      Spells:  0 memorised,  3 levels left

Res.Fire  : . . .   See Invis. : .     - Unarmed
Res.Cold  : . . .   Warding    : .   a - +0 orc robe
Life Prot.: . . .   Conserve   : .   (no shield)
Res.Poison: .       Res.Corr.  : .   (helmet restricted)
Res.Elec. : .       Clarity    : .   c - +0 cloak
Sust.Abil.: . .     Spirit.Shd : .   (no gloves)
Res.Mut.  : .       Stasis     : .   (no boots)
Res.Rott. : .       Flight     : .   (no amulet)
Saprovore : + . .                    (no ring)
                                     (no ring)

@: short of breath, slightly resistant to hostile enchantments, fairly stealthy
A: horns 1, breathe flames 1, deterioration 1, saprovore 1
a: Breathe Fire


You were on level 2 of the Dungeon.
You were not hungry.

You visited 1 branch of the dungeon, and saw 2 of its levels.

You collected 112 gold pieces.

Inventory:

Armour
 a - a +0 orcish robe (worn)
 c - a +0 cloak (worn)
Comestibles
 b - a meat ration
 d - a rotting chunk of goblin flesh
 h - 2 rotting chunks of quokka flesh
 n - 5 strawberries
 v - a rotting chunk of rat flesh
Scrolls
 e - a scroll of remove curse {unknown}
 g - 2 scrolls of identify {unknown}
 l - a scroll of curse weapon {unknown}
 m - 3 scrolls of noise {unknown}
Potions
 i - a potion of curing
 k - a potion of slowing {unknown}


   Skills:
 * Level 4.4 Fighting
 + Level 0.2 Armour
 * Level 3.0 Dodging
 - Level 1.5 Stealth
 - Level 5.0 Unarmed Combat


You had 3 spell levels left.
You didn't know any spells.

Dungeon Overview and Level Annotations

Branches:
Dungeon (2/27)

Altars:


Innate Abilities, Weirdness & Mutations

You can tolerate rotten meat.
You have a pair of small horns on your head.
You can breathe flames.
Your body is slowly deteriorating.


Message History

Your Dodging skill increases to level 3!
You have reached level 4!
The gnoll barely misses you.
You hit the gnoll.
The gnoll is almost dead.
The gnoll hits you with an orcish club!
You barely miss the gnoll.
The gnoll is almost dead.
The gnoll hits you with an orcish club.
The gnoll hits you from afar with a halberd!
You barely miss the gnoll. Your headbutt misses the gnoll.
The gnoll is almost dead.
The gnoll hits you with an orcish club.
* * * LOW HITPOINT WARNING * * *
The gnoll closely misses you.
You completely miss the gnoll.
The gnoll is almost dead.
The gnoll misses you.
The gnoll hits you from afar with a halberd!
You die...

#.......#.........§§§.$...§§§...#
#######.#.##..##..§§§.....§§§...#
..# #.#.##..###.§§§.$.$.§§§....
#.# #........<.#####...########
#.# ##...####### #§§§# #### #.#
#...# #§§§# #... ..######..>#####
#.§§# #...
#.##........(..#######...#####...
...............g@....##..........
#.##.......(..g##.......#........
#.######..>######.##.##.#........
#.# #...# #.##............. ..#
#...# #.##......####### ### #.g.#
#.##.##.### ### # ###.####
#.......# #.. # #......#
####.##########.. # #.#.##.#
#.####........


You could see 2 gnolls.

Vanquished Creatures
  A gnoll (D:2)
  2 adders (D:2)
  A giant cockroach (D:1)
  6 hobgoblins
  7 kobolds
  A quokka (D:2)
  A ball python (D:1)
  7 bats
  2 giant newts
  5 goblins
  6 rats
39 creatures vanquished.

Vanquished Creatures (others)
  An ooze (D:2)
1 creature vanquished.

Grand Total: 40 creatures vanquished

Notes
Turn   | Place    | Note
--------------------------------------------------------------
     0 | D:1      | PolkaDot, the Hill Orc Monk, began the quest for the Orb.
     0 | D:1      | Reached XP level 1. HP: 17/17 MP: 0/0
   112 | D:1      | Reached XP level 2. HP: 15/24 MP: 1/1
   708 | D:2      | Reached XP level 3. HP: 26/30 MP: 2/2
   836 | D:2      | Reached skill level 5 in Unarmed Combat
  1043 | D:2      | Paralysed by a potion of paralysis for 7 turns
  1073 | D:2      | Paralysed by a potion of paralysis for 2 turns
  1082 | D:2      | Gained mutation: You have a pair of small horns on your head. [potion of mutation]
  1082 | D:2      | Gained mutation: Your body is slowly deteriorating. [potion of mutation]
  1082 | D:2      | Gained mutation: You can breathe flames. [potion of mutation]
  1321 | D:2      | Reached XP level 4. HP: 31/38 MP: 3/3
  1325 | D:2      | Slain by a gnoll

Action                   |  1- 3 |  4- 6 || total
-------------------------+-------+-------++-------
Melee: Unarmed           |   115 |     4 ||   119
 Abil: Breathe Fire      |     1 |       ||     1
  Use: Potion            |     2 |       ||     2
 Stab: Sleeping          |     2 |       ||     2
